 Dungeon Crawl Stone Soup version 0.14-a0-1773-ge500af7 (webtiles) character file.

1911 Kae the Martial Artist (level 8, -3/59 HPs)
             Began as a Mottled Draconian Transmuter on Jan 6, 2014.
             Was a Follower of Sif Muna.
             Slain by an orc wizard
             ... wielding a -1,+1 orcish glaive
              (7 damage)
             ... on Level 7 of the Dungeon.
             The game lasted 00:20:26 (9718 turns).

Kae the Martial Artist (DrTm)                       Turns: 9718, Time: 00:20:26

HP  -3/59        AC  2     Str 12      XL: 8   Next: 59%
MP  10/13        EV 19     Int 15      God: Sif Muna [*.....]
Gold 339         SH  0     Dex 18      Spells:  3 memorised,  5 levels left

rFire  . . .     SeeInvis .       - Unarmed
rCold  . . .     Clarity  +     (armour unavailable)
rNeg   . . .     Conserve .     (shield currently unavailable)
rPois  x         rCorr    .     (helmet currently unavailable)
rElec  .         rRot     .     (cloak currently unavailable)
SustAb . .       Spirit   .     k - melded +1 pair of dwarf gloves
rMut   .         Warding  .     (boots currently unavailable)
Saprov . . .     Stasis   .     A - amulet of clarity
                                (no ring)
                                (no ring)

@: spider-form, quick, slightly resistant to hostile enchantments, unstealthy
A: (breathe sticky flames), unfitting armour, AC +6
a: End Transformation, Channel Energy, Renounce Religion


You were on level 7 of the Dungeon.
You worshipped Sif Muna.
Sif Muna was aware of your devotion.
You were near starving.
You were in spider-form.
You visited 2 branches of the dungeon, and saw 8 of its levels.

You collected 339 gold pieces.

Inventory:

Missiles
 b - 65 arrows
 n - 11 arrows of flame
 w - 5 tomahawks (quivered)
Armour
 k - a +1 pair of dwarven gloves (melded)
Magical devices
 i - a wand of fireball (9) {unknown}
 l - a wand of lightning (4) {unknown}
 o - a wand of digging (9) {unknown}
 s - a wand of slowing (8)
 t - a wand of slowing (7)
Comestibles
 a - 5 bread rations
 c - 2 chokos
 j - a meat ration
 q - a beef jerky
 r - a royal jelly
 u - a lychee
Scrolls
 h - 4 scrolls of identify
 m - 2 scrolls of magic mapping
 v - a scroll of enchant armour
 E - a scroll of enchant weapon II {unknown}
Jewellery
 x - an uncursed amulet of faith
 z - an uncursed amulet of the gourmand
 A - an amulet of clarity (around neck)
Potions
 e - a potion of poison {unknown}
 f - a potion of speed
 p - a potion of heal wounds
 B - 3 potions of curing
 C - a potion of brilliance {unknown}
 D - a potion of agility {unknown}
Books
 d - a book of Changes

   Spells                             Type                      Level
   *Beastly Appendage                 Transmutation                1
   *Sticks to Snakes                  Transmutation                2
   *Spider Form                       Transmutation/Poison         3
   Ice Form                           Ice/Transmutation            4
   Blade Hands                        Transmutation                5
 y - a book of Necromancy

   Spells                             Type                      Level
   Pain                               Necromancy                   1
   Animate Skeleton                   Necromancy                   1
   Lethal Infusion                    Charms/Necromancy            2
   Vampiric Draining                  Necromancy                   3
   Regeneration                       Charms/Necromancy            3
   Animate Dead                       Necromancy                   4
   Control Undead                     Necromancy                   4


   Skills:
 - Level 1.1 Fighting
 - Level 1.7 Dodging
 * Level 9.5 Unarmed Combat
 - Level 2.0 Spellcasting
 + Level 6.3 Transmutations


You had 5 spell levels left.
You knew the following spells:

 Your Spells              Type           Power        Failure   Level  Hunger
a - Beastly Appendage     Trmt           ###...       8%          1    #......
b - Sticks to Snakes      Trmt           ###.......   10%         2    ###....
c - Spider Form           Trmt/Pois      ##........   41%         3    ####...


Dungeon Overview and Level Annotations

Branches:
Dungeon (7/16)             Temple (1/1) D:5

Altars:
Cheibriados
Elyvilon
Fedhas
Makhleb
Nemelex Xobeh
Okawaru
Sif Muna
Trog
Vehumet
the Shining One

Annotations:
D:4 Prince Ribbit


Message History

The orc wizard hits you from afar with an orcish glaive.
* * * LOW HITPOINT WARNING * * *
You bite the orc wizard!
The orc wizard is severely wounded.
The orc wizard misses you.
You hit the orc wizard but do no damage.
The orc wizard is poisoned.
The orc wizard is severely wounded.
The orc wizard hits you with an orcish dagger.
* * * LOW HITPOINT WARNING * * *
You barely miss the orc wizard.
The orc wizard is severely wounded.
The orc wizard casts a spell at you. The puff of frost hits you!
* * * LOW HITPOINT WARNING * * *
The orc wizard misses you.
You barely miss the orc wizard.
The orc wizard is severely wounded.
The orc wizard hits you from afar with an orcish glaive!
You die...

#.# #...# #.# ##.## #.# #.#
#.###### ##.## #####
#.##...###...###...###
####..).♣....._.....♣...#
###.....#...###...###...#.#
#.'.....##### ##.##.#####.#
..#......### #s#........#
###......'.#####o##.....###
#......#....#.o.#.....#
#......######.♣.#.....#
#......# #...#.....#
#####'## ##.##.(.[.# #..##
#...o.....# ##..##
########'## ##..# #.#


You could see 2 orc wizards.

Vanquished Creatures
  2 orc warriors (D:7)
  2 ogres (D:6)
  The ghost of Econoterrorist the Insei, an average DsTm of Makhleb (D:3)
  Blork the orc (D:4)
  3 wights (D:6)
  4 crimson imps
  A goliath beetle (D:7)
  3 hounds
  A gnoll shaman (D:7)
  A centaur skeleton (D:6)
  An orc priest (D:7)
  A jelly (D:6)
  A yellow wasp zombie (D:6)
  A scorpion (D:3)
  2 orc wizards
  2 worker ants (D:4)
  An ogre zombie (D:5)
  11 adders
  13 gnolls
  A worm zombie (D:5)
  2 giant mites (D:6)
  A giant eyeball (D:4)
  4 giant geckos
  12 orcs
  4 ball pythons
  15 bats
  A giant cockroach (D:3)
  15 goblins
  17 hobgoblins
  4 jackals (D:2)
  16 kobolds
  3 quokkas
  5 giant newts
  An orc zombie (D:6)
  13 rats
166 creatures vanquished.

Notes
Turn   | Place    | Note
--------------------------------------------------------------
     0 | D:1      | Kae, the Draconian Transmuter, began the quest for the Orb.
     0 | D:1      | Reached XP level 1. HP: 16/16 MP: 3/3
   288 | D:1      | Reached XP level 2. HP: 14/23 MP: 2/4
   970 | D:1      | Reached XP level 3. HP: 19/28 MP: 6/6
  1130 | D:2      | Found a bloodstained altar of Trog.
  1246 | D:2      | Reached skill level 4 in Unarmed Combat
  1604 | D:2      | Found a snail-covered altar of Cheibriados.
  1632 | D:2      | Reached XP level 4. HP: 25/35 MP: 7/7
  1874 | D:3      | Noticed Econoterrorist's ghost (average DsTm)
  2409 | D:3      | Reached skill level 5 in Unarmed Combat
  2458 | D:3      | Reached XP level 5. HP: 22/40 MP: 9/9
  2912 | D:2      | Learned a level 2 spell: Sticks to Snakes
  3130 | D:2      | Learned a level 3 spell: Spider Form
  3953 | D:3      | HP: 1/40 [orc/orcish short sword (5)]
  4198 | D:3      | Killed Econoterrorist's ghost
  4198 | D:3      | Reached skill level 6 in Unarmed Combat
  4198 | D:3      | Reached XP level 6. HP: 31/47 MP: 10/10
  4438 | D:4      | Noticed Prince Ribbit
  4978 | D:4      | Noticed Blork the orc
  5017 | D:4      | Killed Blork the orc
  5164 | D:4      | Paralysed by a giant eyeball for 2 turns
  5633 | D:5      | Entered Level 5 of the Dungeon
  5697 | D:5      | Found a staircase to the Ecumenical Temple.
  5739 | Temple   | Entered the Ecumenical Temple
  5757 | Temple   | Became a worshipper of Sif Muna the Loreminder
  5781 | D:5      | Your scales start taking on a weird mottled pattern.
  5781 | D:5      | Reached XP level 7. HP: 49/52 MP: 12/12
  5898 | D:5      | Reached skill level 7 in Unarmed Combat
  6752 | D:6      | Reached skill level 5 in Transmutations
  7186 | D:6      | Reached skill level 8 in Unarmed Combat
  7729 | D:6      | Reached XP level 8. HP: 57/59 MP: 13/13
  9068 | D:7      | Reached skill level 9 in Unarmed Combat
  9583 | D:7      | Found a white marble altar of Elyvilon.
  9692 | D:7      | Acquired Sif Muna's first power
  9718 | D:7      | Slain by an orc wizard

Action                   |  1- 3 |  4- 6 |  7- 9 || total
-------------------------+-------+-------+-------++-------
Melee: Unarmed           |   142 |   308 |   343 ||   793
Throw: Tomahawk          |       |     5 |     5 ||    10
 Cast: Beastly Appendage |    14 |    36 |    32 ||    82
       Spider Form       |       |     1 |     8 ||     9
 Abil: Breathe Sticky Fl |       |       |     3 ||     3
Evoke: Wand              |       |     1 |       ||     1
  Use: Potion            |       |     6 |     1 ||     7
       Scroll            |       |    13 |     2 ||    15
